 Dungeon Crawl Stone Soup version 0.20-a0-537-g052e6ba (webtiles) character file.

145 Kidiri the Firebug (level 5, -6/28 HPs)
             Began as a Deep Elf Fire Elementalist on Jan 27, 2017.
             Killed from afar by esc's ghost (13 damage)
             ... with a puff of flame
             ... on level 4 of the Dungeon.
             The game lasted 00:08:57 (3009 turns).

Kidiri the Firebug (Deep Elf Fire Elementalist)     Turns: 3009, Time: 00:08:57

Health: -6/28      AC:  2    Str:  8    XL:     5   Next: 6%
Magic:  3/13       EV: 13    Int: 21    God:
Gold:   186        SH:  2    Dex: 15    Spells: 0/13 levels left

rFire    . . .     SeeInvis .   f - +2 dagger
rCold    . . .     Gourm    .   a - +0 robe
rNeg     . . .     Faith    .   (no shield)
rPois    .         Spirit   .   (no helmet)
rElec    .         Reflect  +   (no cloak)
rCorr    +         Harm     .   (no gloves)
MR       .....                  (no boots)
Stlth    ++........             o - +2 amulet of reflection (curse)
Regen    0.1/turn               l - ring of resist corrosion
                                j - +3 ring of strength

@: no status effects
A: no striking features
a: no special abilities


You were on level 4 of the Dungeon.
You were not hungry.

You visited 1 branch of the dungeon, and saw 4 of its levels.

You collected 186 gold pieces.

Inventory:

Hand Weapons
 f - a +2 dagger (weapon)
Armour
 a - a +0 robe (worn)
Jewellery
 j - a +3 ring of strength (left hand)
 l - a ring of resist corrosion (right hand)
 o - a cursed +2 amulet of reflection (around neck)
Wands
 h - a wand of disintegration (18/24)
 q - a wand of paralysis (15/24)
Scrolls
 e - a scroll of magic mapping
 p - 2 scrolls of remove curse
 r - a scroll of teleportation
Potions
 d - 2 potions of brilliance
 g - 2 potions of berserk rage {unknown}
 k - a potion of degeneration {unknown}
 m - a potion of cure mutation {unknown}
Books
 b - a book of Flames

   Spells                             Type                      Level
   a - Flame Tongue                   Conjuration/Fire             1
   b - Throw Flame                    Conjuration/Fire             2
   c - Conjure Flame                  Conjuration/Fire             3
   d - Inner Flame                    Hexes/Fire                   3
   e - Sticky Flame                   Conjuration/Fire             4
   f - Fireball                       Conjuration/Fire             5
Comestibles
 c - 3 bread rations
 s - a meat ration


   Skills:
 - Level 2.5 Dodging
 - Level 2.9 Stealth
 * Level 4.6 Spellcasting
 + Level 2.5 Conjurations
 + Level 4.8 Fire Magic


You couldn't memorise any spells.
You knew the following spells:

 Your Spells              Type           Power        Failure   Level  Hunger
a - Flame Tongue          Conj/Fire      ###..        2%          1    None
b - Throw Flame           Conj/Fire      ###...       4%          2    #......
c - Conjure Flame         Conj/Fire      ###.....     10%         3    ##.....
d - Inner Flame           Hex/Fire       ##......     14%         3    ##.....
e - Sticky Flame          Conj/Fire      ###.....     28%         4    ####...


Dungeon Overview and Level Annotations

Branches:
Dungeon (4/15)
 Temple: D:4-7

Altars:

Annotations:
D:4 esc's ghost, amateur DEFE


Message History

Aim: esc's ghost, wielding a weapon of speed The flame tongue hits esc's ghost.
Esc's ghost is lightly damaged.
Esc's ghost wails.
Casting: Flame Tongue
Confirm with . or Enter, or press ? or * to list all spells.
Aiming: Flame Tongue
Press: ? - help, Shift-Dir - straight line, f/p - esc's ghost
Aim: esc's ghost, wielding a weapon of speed (lightly damaged)
The flame tongue hits esc's ghost.
Esc's ghost appears unharmed.
Esc's ghost is lightly damaged.
Esc's ghost casts a spell at you. The puff of flame hits you!
* * * LOW HITPOINT WARNING * * *
Unknown command.
Unknown command.
Okay, then.
Esc's ghost casts a spell at you. The puff of flame hits you!
You die...

#...........
#..........<
###...........
##...#.....#
#......W#
#..####ยง## #...#
#..###...########
.......@.........
#.####.........#
#...####### #...#
#..<# #...# #####


You could see esc's ghost.

Vanquished Creatures
  An orc priest (D:3)
  3 adders
  A worm (D:2)
  6 dart slugs
  5 orcs (D:3)
  2 ball pythons (D:1)
  2 giant cockroaches (D:3)
  11 goblins
  3 hobgoblins
  8 jackals (D:1)
  9 kobolds
  A quokka (D:3)
  4 bats
  3 frilled lizards
  A quokka skeleton (D:3)
  5 rats
65 creatures vanquished.

Notes
Turn   | Place    | Note
-------+----------+-------------------------------------------
     0 | D:1      | Kidiri the Deep Elf Fire Elementalist began the quest for the Orb.
     0 | D:1      | Reached XP level 1. HP: 10/10 MP: 6/6
   133 | D:1      | Reached XP level 2. HP: 14/15 MP: 5/8
   557 | D:1      | Learned a level 2 spell: Throw Flame
   604 | D:1      | Reached XP level 3. HP: 19/19 MP: 7/10
  1046 | D:2      | Learned a level 3 spell: Conjure Flame
  1050 | D:2      | Learned a level 3 spell: Inner Flame
  1543 | D:2      | Reached XP level 4. HP: 24/24 MP: 7/11
  2992 | D:4      | Reached XP level 5. HP: 28/28 MP: 9/13
  2998 | D:4      | Learned a level 4 spell: Sticky Flame
  2999 | D:4      | Noticed esc's ghost (amateur DEFE)
  3009 | D:4      | Killed from afar by esc's ghost

Vault maps used:
D:1:      dpeg_arrival_central
D:3:      serial_bayou_pond_b, kennysheep_doodads
D:4:      first_bread

Skill      XL: |  1  2  3  4 |
---------------+-------------+-----
Fire Magic     | 4 |  4.8
Conjurations   | 2 |  2.5
Spellcasting   | 4 |  4.6
Dodging        | |  2.5
Stealth        | |  2.9

Action                   |  1- 3 |  4- 6 || total
-------------------------+-------+-------++-------
Melee: Dagger            |    10 |    32 ||    42
 Cast: Flame Tongue      |    54 |    37 ||    91
       Throw Flame       |     3 |    11 ||    14
       Conjure Flame     |       |     1 ||     1
  Use: Scroll            |     7 |     4 ||    11
       Potion            |       |     1 ||     1
 Stab: Distracted        |     1 |       ||     1
       Sleeping          |       |     2 ||     2
  Eat: Chunk             |     1 |     1 ||     2
       Bread ration      |       |     1 ||     1
Armor: Robe              |     6 |     4 ||    10
Dodge: Dodged            |    23 |    29 ||    52
Block: Other             |       |     2 ||     2
